AoeStats
← Calife Abu-bakr

Arena

506886906Analyzed
1v1 RM · 17d ago on Sep 15, 2026· 60m 3s· 2 players
Game mode
Random Map
Map size
Tiny (2 player)
Population
200
Speed
Normal
Resources
Standard
Victory
Conquest
Starting age
Dark Age
Ending age
Imperial Age
RankedLock teamsTeams togetherTeam positionsShared explorationLock speedFull tech treeHidden civsTurbo modeCheats
Victory
Defeat
🇲🇽 Mongols · Mexico
744
+19
🇲🇦 Bohemians · Morocco
808
-19
NF I Odysseo
12:11 Feudal Age
12:42 Double-Bit Axe
15:44 Castle Age
16:54 Bow Saw
16:41 Loom
20:52 Padded Archer Armor
20:57 Scale Barding Armor
27:32 Squires
26:58 Man-at-Arms
28:35 Long Swordsman
29:35 Gold Mining
29:21 Elite Skirmisher
30:16 Horse Collar
32:26 Squires
32:40 Forging
32:53 Chain Barding Armor
34:48 Stone Mining
35:52 Wheelbarrow
35:44 Thumb Ring
36:21 Leather Archer Armor
36:00 Fletching
36:39 Bloodlines
36:37 Husbandry
41:04 Imperial Age
40:08 Bodkin Arrow
40:49 Iron Casting
40:15 Scale Mail Armor
41:27 Gold Shaft Mining
41:35 Heavy Plow
42:27 Conscription
42:59 Hand Cart
43:51 Chemistry
43:48 Parthian Tactics
44:13 Ballistics
43:57 Bracer
45:01 Blast Furnace
46:19 Elite Mangudai
47:00 Elite Steppe Lancer
47:19 Onager
48:29 Drill
54:08 Stone Shaft Mining
Calife Abu-bakr
6:04 Loom
11:02 Feudal Age
13:13 Double-Bit Axe
17:07 Castle Age
14:59 Horse Collar
16:28 Padded Archer Armor
19:44 Chemistry
22:48 Bow Saw
25:38 Elite Skirmisher
31:51 Imperial Age
31:13 Ballistics
31:22 Pikeman
32:06 Halberdier
38:22 Elite Hussite Wagon
39:23 Hussite Reforms
40:37 Leather Archer Armor
40:19 Fletching
40:59 Fervor
43:14 Redemption
43:16 Heavy Plow
44:55 Block Printing
44:41 Atonement
45:02 Sanctity
45:09 Illumination
46:39 Town Watch
47:29 Wheelbarrow
48:11 Wagenburg Tactics
47:31 Elite Hussite Wagon
48:37 Conscription
48:21 Town Patrol
54:12 Hand Cart
54:32 Ring Archer Armor
53:57 Bodkin Arrow
54:40 Scale Mail Armor
Connection lost

Rejoining the realm…

Still unreachable

The connection could not be restored.

Session expired

The server has moved on; the page needs a fresh start.